 Dungeon Crawl Stone Soup version 0.30-a0-643-g638baaf3f0 (webtiles) character file.

Game seed: 14837176352411952365

3378 Dirtsage the Transmogrifier (level 10, -2/76 HPs)
             Began as an Octopode Transmuter on Jan 16, 2023.
             Was a Follower of the Shining One.
             Shot with an arrow by a centaur (3 damage)
             ... on level 7 of the Dungeon.
             The game lasted 00:13:27 (6570 turns).

Dirtsage the Transmogrifier (Octopode Transmuter)   Turns: 6570, Time: 00:13:28

Health: -2/76      AC:  9    Str:  9    XL:     10   Next: 3%
Magic:  7/13       EV: 11    Int: 21    God:    the Shining One [*.....]
Gold:   273        SH: 12    Dex: 12    Spells: 6/13 levels left

rFire   x . .      SeeInvis .      - Unarmed
rCold   + + +      Faith    .    (shield currently unavailable)
rNeg    . . .      Spirit   .    (helmet currently unavailable)
rPois   +          Reflect  +    d - amulet of reflection
rElec   .          Harm     .    (no ring)
rCorr   .          Rampage  .    (no ring)
Will    .....                    (no ring)
Stlth   +                        (no ring)
HPRegen 0.32/turn                (no ring)
MPRegen 0.13/turn                (no ring)
                                 (no ring)
                                 (no ring)

@: divinely shielded, ice-form, glowing
A: freezing attack, boosted hp, almost no armour, amphibious, 8 rings, large,
(camouflage 1), (gelatinous body 1), (nimble swimmer 1), (tentacles)
a: End Transformation, Renounce Religion, Divine Shield


You were on level 7 of the Dungeon.
You worshipped the Shining One.
The Shining One was aware of your devotion.
You were a creature of crystalline ice.
You visited 2 branches of the dungeon, and saw 8 of its levels.

You collected 350 gold pieces.
You spent 77 gold pieces at shops.

Inventory:

Jewellery
 d - an amulet of reflection (around neck)
 u - an amulet of regeneration
Scrolls
 b - 4 scrolls of immolation
 f - 2 scrolls of enchant weapon
 g - 3 scrolls of fear
 l - a scroll of amnesia
 m - a scroll of silence
 s - a scroll of brand weapon {unknown}
 t - 4 scrolls of teleportation
 v - 3 scrolls of magic mapping {unknown}
 w - 2 scrolls of enchant armour
 x - a scroll of noise
Potions
 a - a potion of lignification
 c - 2 potions of magic {unknown}
 e - 4 potions of curing {unknown}
 h - 3 potions of attraction {unknown}
 j - a potion of brilliance
 k - a potion of flight {unknown}
 n - 3 potions of degeneration {unknown}
 o - 2 potions of might {unknown}
 p - a potion of mutation {unknown}
 q - 2 potions of invisibility {unknown}
Miscellaneous
 r - a phial of floods


   Skills:
 + Level 4.2 Fighting
 + Level 4.5 Dodging
 + Level 5.1 Unarmed Combat
 - Level 2.0 Spellcasting
 - Level 8.0 Transmutations
 - Level 8.0 Ice Magic
 + Level 3.1 Invocations
 - Level 2.4 Evocations


You had 6 spell levels left.
You knew the following spells:

 Your Spells              Type           Power      Damage    Failure   Level
a - Ice Form              Ice/Tmut       35%        N/A       5%          4
b - Wereblood             Tmut           35%        N/A       1%          2
c - Beastly Appendage     Tmut           70%        N/A       1%          1

Your spell library contained the following spells:

 Spells                   Type           Power      Damage    Failure   Level
 Spider Form              Tmut/Pois      18%        N/A       9%          3
 Kindle Blastsparks       Fire/Tloc/Air  4%         2d10      41%         3
 Fulminant Prism          Conj/Hex       1%         3d5       82%         4
 Iskenderun's Mystic Bla  Conj/Tloc      2%         2d3       82%         4
 Lee's Rapid Deconstruct  Erth           1%         3d4*      99%         5


Dungeon Overview and Level Annotations

Branches:
Dungeon (7/15)             Temple (1/1) D:5

Altars:
Cheibriados
Kikubaaqudgha
Xom
The Shining One

Shops:
D:5 *(=[*


Innate Abilities, Weirdness & Mutations

You are a creature of crystalline ice.
You have a powerful freezing melee attack.
Your maximum health is increased.
Your armour is entirely melded.
You are incapable of wielding weapons or throwing items.
You cannot wear most types of armour.
You are amphibious.
You can wear up to eight rings at the same time.
((Your skin changes colour to match your surroundings (Stealth+).))
((Your rubbery body absorbs attacks. (AC +1, EV +1)))
((You are camouflaged when in or above water. (Stealth+)))
((You have tentacles for arms and can constrict up to eight enemies at once.))


Message History

You hear a shout!
You enter the deep water.
The centaur shouts!
The centaur shoots an arrow.
You reflect the arrow off an invisible shield around you!
The arrow hits the centaur.
The centaur shoots an arrow.
You reflect the arrow off an invisible shield around you!
The arrow barely misses the centaur.
The centaur shoots an arrow.
The arrow closely misses you.
A centaur comes into view.
The centaur shoots an arrow.
The arrow hits you.
The centaur shoots an arrow.
The arrow hits you!
You take 12 damage, and have 55/76 hp.
A centaur comes into view.
The centaur shouts!
The centaur shoots an arrow.
The arrow hits you.
The centaur shoots an arrow.
You reflect the arrow off an invisible shield around you!
The arrow barely misses the centaur. x2
You take 6 damage, and have 49/76 hp.
Found an escape hatch in the floor.
The centaur shoots an arrow.
The arrow hits you!
The centaur shoots an arrow.
The arrow barely misses you.
The centaur shoots an arrow.
The arrow hits you!
The centaur shoots an arrow.
The arrow hits you.
The centaur wields a +0 shortbow.
The centaur shoots an arrow.
The arrow hits you!
* * * LOW HITPOINT WARNING * * *
You take 33 damage, and have 16/76 hp.
MASSIVE DAMAGE!!
The centaur shoots an arrow.
The arrow hits you but does no damage.
The centaur wields a +0 shortbow.
The centaur shoots an arrow.
The arrow hits you!
* * * LOW HITPOINT WARNING * * *
You take 8 damage, and have 8/76 hp.
You punch the centaur! You freeze the centaur.
The centaur is heavily wounded.
The centaur shoots an arrow.
The arrow hits you!
* * * LOW HITPOINT WARNING * * *
The centaur unwields a +0 shortbow.
The centaur hits you but does no damage.
You block the centaur's attack.
The centaur shoots an arrow.
The arrow hits you.
You die...

.#.........#...........
.#.........#............
.#.........#.......$....
.#.........#..$.........
+#.........#.....##.....
.#.........##≈≈≈≈##.....
.#..........≈≈≈≈≈≈≈≈[...
.#......≈≈≈≈≈≈≈≈≈≈≈≈≈≈≈.
.#...≈≈≈≈≈≈≈≈≈≈≈Y≈≈≈≈≈≈≈
.'..≈≈≈≈≈≈≈≈≈≈≈≈≈cc≈≈≈≈≈
.#..≈≈≈≈≈≈≈≈≈≈≈ccc...≈≈≈
##..≈≈≈≈≈≈≈≈≈≈........≈≈
###≈≈≈≈≈≈≈≈≈≈..#'#...≈≈
#...≈≈≈≈≈≈≈≈≈..#.#....≈
#...≈≈≈≈≈≈≈≈≈..#># ...≈
#....≈≈≈≈≈≈≈≈≈.#.. #..≈
#......≈≈≈≈≈≈≈.#


You could see 5 centaurs.

Vanquished Creatures
  The ghost of AppleFox63 the Covered, a novice DjFE of Ru (D:6)
  Pikel (D:5)
  The ghost of bmj180 the Digger, an amateur GrEE of Vehumet (D:4)
  A slime creature (D:6)
  A steam dragon (D:7)
  A water moccasin (D:7)
  3 ice beasts
  A black bear (D:5)
  A centaur (D:7)
  A lemure (D:5)
  3 bullfrogs
  A necrophage (D:5)
  A kobold brigand (D:6)
  2 scorpions (D:5)
  11 wights
  A howler monkey (D:6)
  2 hounds
  4 jellies (D:6)
  An iguana (D:6)
  4 gnolls
  8 adders
  A shadow imp (D:6)
  A white imp (D:6)
  A worm (D:2)
  4 dart slugs
  2 orcs
  6 ball pythons
  20 endoplasms
  2 giant cockroaches (D:1)
  3 goblins (D:1)
  8 hobgoblins
  2 jackals (D:3)
  2 quokkas
  A bat (D:2)
  5 frilled lizards
  16 kobolds
  5 rats
129 creatures vanquished.

Vanquished Creatures (others)
  8 fungi (D:6)
  2 plants (D:5)
10 creatures vanquished.

Grand Total: 139 creatures vanquished

Notes
Turn   | Place    | Note
-------+----------+-------------------------------------------
     0 | D:1      | Dirtsage the Octopode Transmuter began the quest for the
                  | Orb.
     0 | D:1      | Reached XP level 1. HP: 13/13 MP: 3/3
   171 | D:1      | Reached skill level 1 in Ice Magic
   171 | D:1      | Reached XP level 2. HP: 15/18 MP: 5/5
   184 | D:1      | Reached XP level 3. HP: 14/23 MP: 6/6
   187 | D:1      | Learned a level 2 spell: Wereblood
   433 | D:1      | Found a faded altar of an unknown god.
  1877 | D:2      | Reached XP level 4. HP: 11/28 MP: 7/7
  1970 | D:2      | Learned a level 4 spell: Ice Form
  2733 | D:3      | Reached XP level 5. HP: 33/33 MP: 6/8
  3780 | D:4      | Found a runed translucent door.
  3780 | D:4      | Noticed bmj180's ghost (amateur GrEE)
  4088 | D:4      | Killed bmj180's ghost
  4089 | D:4      | Reached XP level 6. HP: 38/38 MP: 7/9
  4093 | D:4      | Reached skill level 5 in Transmutations
  4156 | D:5      | Entered Level 5 of the Dungeon
  4167 | D:5      | Found a staircase to the Ecumenical Temple.
  4193 | D:5      | Noticed a black bear
  4204 | D:5      | Killed a black bear
  4205 | D:5      | Reached skill level 5 in Ice Magic
  4205 | D:5      | Reached XP level 7. HP: 43/43 MP: 2/10
  4216 | Temple   | Entered the Ecumenical Temple
  4325 | Temple   | Became a worshipper of the Shining One
  4381 | D:5      | Found Woor's General Store.
  4386 | D:5      | Bought a scroll of teleportation for 33 gold pieces
  4386 | D:5      | Bought a scroll of fear for 44 gold pieces
  4466 | D:5      | Noticed Pikel
  4487 | D:5      | Killed Pikel
  4488 | D:5      | Reached XP level 8. HP: 10/48 MP: 6/11
  4650 | D:5      | Found Giemenat's Armour Emporium.
  4653 | D:5      | Found Seit Torgh's Assorted Antiques.
  4893 | D:5      | Found Ligutzus's Jewellery Boutique.
  4994 | D:5      | Found Ilioss's Antique Weapon Emporium.
  5509 | D:6      | Noticed a slime creature
  5523 | D:6      | Killed a slime creature
  5524 | D:6      | Reached skill level 1 in Evocations
  5624 | D:6      | Reached XP level 9. HP: 54/54 MP: 10/12
  5719 | D:6      | Reached * piety under the Shining One
  6017 | D:6      | Found a snail-covered altar of Cheibriados.
  6105 | D:6      | Found a runed translucent door.
  6114 | D:6      | Noticed AppleFox63's ghost (novice DjFE)
  6141 | D:6      | Killed AppleFox63's ghost
  6370 | D:7      | Reached skill level 5 in Unarmed Combat
  6370 | D:7      | Reached XP level 10. HP: 63/63 MP: 13/13
  6570 | D:7      | HP: 1/76 [centaur/arrow (7)]
  6570 | D:7      | Shot with an arrow by a centaur

Illustrated notes

Levels and vault maps discovered:
D:1:      saegor_arrival_fortress, layout_basic,
          hellmonk_ecumenical_altar_leap_of_faith, serial_park_tiny_pond,
          minmay_vboxes
D:2:      layout_basic, serial_co_window_serial, co_window_corner_a,
          co_window_of_opportunity_a, co_window_of_opportunity_a,
          co_window_paths_a, co_window_corner_a, co_window_of_opportunity_b,
          co_window_corner_cb, co_window_2corner, co_window_corner_b,
          co_window_corner_cb, co_window_cross_2, co_window_broadway_c,
          co_window_paths_e
D:3:      layout_loops_corners, kennysheep_generic_room_9
D:4:      wander_river, layout_rooms, ebering_ghost_inner_flame
D:5:      layout_basic, minmay_temple_entry_large_hall, serial_shops, shop,
          kennysheep_little_box, nicolae_shop_overgrown_old_shop, shop_statue,
          shop, uniq_pikel
D:6:      lemuel_slime, layout_rooms, cheibriados_altar_1,
          ebering_ghost_sewer_d, chequers_serial_rivers_micro_c
D:7:      layout_gridville, kennysheep_mini, centaur_isle
Temple:   mainiacjoe_temple_big_plus

Skill      XL: |  1  2  3  4  5  6  7  8  9 10 |
---------------+-------------------------------+-----
Ice Magic      | 1 2 3 4 5 6 7 8 |  8.0
Transmutations | 3 4 5 6 7 8 |  8.0
Evocations     | 1 2 |  2.4
Fighting       | 4 |  4.2
Dodging        | 4 |  4.5
Unarmed Combat | 5 |  5.1
Invocations    | 2 3 |  3.1
Spellcasting   | |  2.0

Action                   |  1- 3 |  4- 6 |  7- 9 | 10-12 || total
-------------------------+-------+-------+-------+-------++-------
Melee: Unarmed           |    80 |    95 |   184 |     4 ||   363
       Tentacles         |    16 |    12 |     7 |       ||    35
       Constrict         |    23 |    20 |     5 |       ||    48
       Kick              |    16 |    23 |     6 |       ||    45
       Punch             |     2 |     2 |     1 |       ||     5
 Cast: Beastly Appendage |    17 |    12 |     4 |     1 ||    34
       Wereblood         |     2 |     3 |     7 |       ||    12
       Ice Form          |       |     1 |    15 |     2 ||    18
Invok: Divine Shield     |       |       |       |     2 ||     2
Evoke: Phial of floods   |       |       |     1 |       ||     1
  Use: Potion            |       |     1 |       |       ||     1
       Scroll            |       |       |     6 |       ||     6
 Stab: Sleeping          |     6 |     7 |       |       ||    13
Armor: Skin              |     2 |    18 |    40 |     5 ||    65
Dodge: Dodged            |    38 |    46 |    62 |    16 ||   162
Block: Other             |       |       |       |     9 ||     9
       Reflection        |       |       |       |     6 ||     6

Table legend: (Time is in decaauts)
 A = Elapsed time spent in this place.
 B = Non-inter-level travel time spent in this place.
 C = Inter-level travel time spent in this place.
 D = Time resting spent in this place.
 E = Time spent auto-exploring this place.
 F = Levels seen in this place.
 G = Mean time per level.
                   A        B        C        D        E       F      G
               +--------+--------+--------+--------+--------+-----+--------+
         Total |   6547 |   6305 |    242 |     15 |   5395 |   8 |  818.4 |
       Dungeon |   6408 |   6206 |    202 |     15 |   5299 |   7 |  915.4 |
        Temple |    139 |     99 |     40 |      0 |     96 |   1 |  139.0 |
               +--------+--------+--------+--------+--------+-----+--------+

Top non-repeatable levels by time:
     D:2: 1504 daAuts
     D:1: 1139 daAuts
     D:5: 1125 daAuts
     D:3: 1000 daAuts
     D:6: 759 daAuts
     D:4: 503 daAuts
     D:7: 375 daAuts
  Temple: 139 daAuts
